 Dungeon Crawl Stone Soup version 0.28-a0-793-g31680bbd8b (webtiles) character file.

Game seed: 9577037498339837450

8 ytrimaz the Skirmisher (level 2, 24/24 HPs)
             Began as a Demonspawn Fighter on Nov 4, 2021.
             Quit the game on level 1 of the Dungeon.
             The game lasted 00:00:42 (172 turns).

ytrimaz the Skirmisher (Demonspawn Fighter)          Turns: 172, Time: 00:00:42

Health: 24/24      AC:  6    Str: 16    XL:     2   Next: 0%
Magic:  2/2        EV:  9    Int:  9    God:
Gold:   39         SH:  4    Dex: 12    Spells: 1/1 levels left

rFire   . . .      SeeInvis .   a - +0 rapier
rCold   . . .      Faith    .   c - +0 buckler
rNeg    . . .      Spirit   .   b - +0 scale mail
rPois   .          Reflect  .   (no helmet)
rElec   .          Harm     .   (no cloak)
rCorr   .          Rampage  .   (no gloves)
Will    .....                   (no boots)
Stlth   ..........              (no amulet)
HPRegen 0.08/turn               (no ring)
MPRegen 0.08/turn               (no ring)

@: no status effects
A: demonic guardian 1
a: no special abilities


You were on level 1 of the Dungeon.
You visited 1 branch of the dungeon, and saw 1 of its levels.

You collected 39 gold pieces.

Inventory:

Hand Weapons
 a - a +0 rapier (weapon)
Armour
 b - a +0 scale mail (worn)
 c - a +0 buckler (worn)
Jewellery
 f - a ring of protection from cold
Scrolls
 e - a scroll of amnesia {unknown}
Potions
 d - a potion of might


   Skills:
 + Level 3.1 Fighting
 * Level 2.0 Short Blades
 + Level 2.8 Armour
 * Level 0.4 Dodging
 + Level 2.7 Shields


You had one spell level left.
You didn't know any spells.
Your spell library was empty.

Dungeon Overview and Level Annotations

Branches:
Dungeon (1/15)

Altars:


Innate Abilities, Weirdness & Mutations

A weak demonic guardian rushes to your aid.


Message History

A bat comes into view.
A bat is nearby!
A bat is nearby!
You block the bat's attack.
You puncture the bat!
You kill the bat!
No target in view!
No target in view!
No target in view!
No target in view!
You see here a frilled lizard corpse.
There is an open door here.
A giant cockroach comes into view.
A giant cockroach is nearby!
You hit the giant cockroach.
The giant cockroach is severely wounded.
The giant cockroach bites you but does no damage.
You closely miss the giant cockroach.
The giant cockroach is severely wounded.
The giant cockroach misses you.
Your scale mail prevents you from hitting the giant cockroach.
The giant cockroach is severely wounded.
The giant cockroach bites you but does no damage. x2
You hit the giant cockroach.
You kill the giant cockroach!
No target in view!
You now have 39 gold pieces (gained 10).
A kobold comes into view.
It is wielding a +2 dagger of holy wrath.
A kobold is nearby!
Found a scroll labelled SAN BIUPTO.
The kobold hits you but does no damage.
You hit the kobold.
You kill the kobold!
Your Short Blades skill increases to level 2!
You have reached level 2!
Your demonic ancestry asserts itself...
You feel the presence of a demonic guardian.
Things that are here:
a +2 dagger of holy wrath; 2 stones Are you sure you want to abandon this character and quit the game? (Confirm with "yes".)

.# #....# ## #....#
#....# #########.#
#.........##########..
########..............
#.........#
#...#..#..##
#...####.@.# #...#
#....# #...# ......#
#........?....
##....##.##.... #....
#.# ...... ... ###
...#.# #. ...#..


There were no monsters in sight!

Vanquished Creatures
  2 bats (D:1)
  An endoplasm (D:1)
  A giant cockroach (D:1)
  A hobgoblin (D:1)
  A frilled lizard (D:1)
  A goblin (D:1)
  A kobold (D:1)
8 creatures vanquished.

Notes
Turn   | Place    | Note
-------+----------+-------------------------------------------
     0 | D:1      | ytrimaz the Demonspawn Fighter began the quest for the Orb.
     0 | D:1      | Reached XP level 1. HP: 18/18 MP: 1/1
   171 | D:1      | Gained mutation: A weak demonic guardian rushes to your
                  | aid. [demonic ancestry]
   171 | D:1      | Reached XP level 2. HP: 24/24 MP: 2/2
   172 | D:1      | Quit the game

Illustrated notes

Levels and vault maps discovered:
D:1:      shiori_arrival_maze, layout_basic, hangedman_decor_growths

Skill      XL: |  1 |
---------------+----+-----
Short Blades   | 2 |  2.0
Fighting       | |  3.1
Armour         | |  2.8
Dodging        | |  0.4
Shields        | |  2.7

Action                   || total
-------------------------++-------
Melee: Rapier            ||    18
Armor: Scale mail        ||    12
Dodge: Dodged            ||     8
Block: Buckler           ||     2

Table legend: (Time is in decaauts)
 A = Elapsed time spent in this place.
 B = Non-inter-level travel time spent in this place.
 C = Inter-level travel time spent in this place.
 D = Time resting spent in this place.
 E = Time spent auto-exploring this place.
 F = Levels seen in this place.
 G = Mean time per level.
                   A        B        C        D        E       F      G
               +--------+--------+--------+--------+--------+-----+--------+
         Total |    174 |    174 |      0 |      0 |    124 |   1 |  174.0 |
       Dungeon |    174 |    174 |      0 |      0 |    124 |   1 |  174.0 |
               +--------+--------+--------+--------+--------+-----+--------+

Top non-repeatable levels by time:
     D:1: 174 daAuts
